 Dungeon Sprint DCSS version 0.31.0-1-g2c135a008e (webtiles) character file.

Game seed: 8945653443274794844

19358392 Groucho the Conqueror (level 23, 240/240 HPs)
             Began as a Minotaur Fighter on Jan 20, 2024.
             Was the Champion of Qazlal.
             Escaped with the Orb
             ... and 9 runes!
             The game lasted 01:15:25 (27390 turns).

Groucho the Conqueror (Minotaur Fighter)           Turns: 27390, Time: 01:15:25

Health: 240/240    AC: 34    Str: 30    XL:     23   Next: 5%
Magic:  53/53      EV: 21    Int:  5    God:    Qazlal [******]
Gold:   1222       SH: 41    Dex: 15    Spells: 71/76 levels left

rFire   + . .        H - +8 demon whip
rCold   + . .        V - +3 tower shield {AC+3}
rNeg    + . .        z - +4 plate armour {rF+}
rPois   .            x - +1 hat {Will+}
rElec   +            C - +2 cloak
rCorr   .            q - -1 pair of gloves "Xanief" {Slay+3}
SInv    +            K - +2 pair of boots
Will    ++...        w - amulet of reflection Stlth
                     Q - ring of Tizic {rElec rC+ Slay+3}
HPRegen 0.60/turn    R - ring of Usijoh {rN+ Str+3 SInv}
MPRegen 0.33/turn

%: no teleportation, repel missiles, reflection
@: no status effects
A: horns 2, retaliatory headbutt, deformed body
0: Orb of Zot
}: 9/17 runes: decaying, serpentine, barnacled, slimy, elven, silver, golden,
abyssal, gossamer
a: Renounce Religion, Upheaval, Elemental Force, Disaster Area


You escaped.
You worshipped Qazlal.
Qazlal was exalted by your worship.
You visited 1 branch You collected 1987 gold pieces.
You spent 765 gold pieces at shops.

Inventory:

Hand Weapons
 l - a +2 morningstar of protection
 E - a +5 demon trident
 H - a +8 demon whip (weapon)
 I - the +6 arbalest "Damnation" {damnation}
   (You found it in the Dungeon)
 U - a +5 demon whip of flaming
Missiles
 n - 4 silver javelins
 D - 4 javelins (quivered)
Armour
 q - the -1 pair of gloves "Xanief" (worn) {Slay+3}
   (You found it in the Dungeon)

   Slay+3:    It affects your accuracy & damage with ranged weapons and melee
   (+3).
 u - a +0 tower shield of reflection
 x - a +1 hat of willpower (worn)
 z - a +4 plate armour of fire resistance (worn)
 C - a +2 cloak (worn)
 J - +3 storm dragon scales
 K - a +2 pair of boots (worn)
 V - a +3 tower shield of protection (worn)
Jewellery
 o - a +3 ring of strength
 p - a +3 ring of strength
 v - a ring of see invisible
 w - an amulet of reflection (around neck)
 y - a ring of poison resistance
 F - a +2 ring of slaying
 G - a +2 ring of slaying
 O - an amulet of faith
 P - the ring "Eloiwkevo" {rC+ rCorr Int+3}
   (You found it in the Dungeon)

   [ring of resist corrosion]

   Int+3:     It affects your intelligence (+3).
   rC+:       It protects you from cold.
   rCorr:     It protects you from acid and corrosion.
 Q - the ring of Tizic (left hand) {rElec rC+ Slay+3}
   (You found it in the Dungeon)

   [ring of protection from cold]

   Slay+3:    It affects your accuracy & damage with ranged weapons and melee
   (+3).
   rC+:       It protects you from cold.
   rElec:     It insulates you from electricity.
 R - the ring of Usijoh (right hand) {rN+ Str+3 SInv}
   (You found it in the Dungeon)

   [ring of strength]

   Str+3:     It affects your strength (+3).
   rN+:       It protects you from negative energy.
   SInv:      It lets you see invisible.
 S - the ring "Uneofiru" {rC+ Slay+3 Stlth+}
   (You found it in the Dungeon)

   [ring of slaying]

   Slay+3:    It affects your accuracy & damage with ranged weapons and melee
   (+3).
   rC+:       It protects you from cold.
   Stlth+:    It makes you more stealthy.
 T - the ring of Ferypaeck {rPois rF+ Str-5 Int+3 Slay+3}
   (You found it in the Dungeon)

   [ring of slaying]

   Str-5:     It affects your strength (-5).
   Int+3:     It affects your intelligence (+3).
   Slay+3:    It affects your accuracy & damage with ranged weapons and melee
   (+3).
   rF+:       It protects you from fire.
   rPois:     It protects you from poison
Wands
 c - a wand of polymorph (12)
 i - a wand of roots (10)
 L - a wand of paralysis (2)
Scrolls
 g - 3 scrolls of amnesia
 j - 3 scrolls of blinking
 r - 5 scrolls of fog
 s - 7 scrolls of fear
 t - 3 scrolls of identify
 B - 4 scrolls of enchant armour
 N - a scroll of revelation {unknown}
Potions
 a - a potion of resistance
 d - 5 potions of berserk rage
 e - 2 potions of mutation
 f - 7 potions of curing
 h - 9 potions of magic
 k - 4 potions of might
 m - 2 potions of degeneration
 A - 6 potions of haste
 M - a potion of cancellation
Miscellaneous
 b - the horn of Geryon


   Skills:
 O Level 27 Fighting
 O Level 27 Long Blades
 O Level 27 Axes
 O Level 27 Maces & Flails
 O Level 27 Polearms
 - Level 16.4(27) Staves
 O Level 27 Ranged Weapons
 O Level 27 Throwing
 O Level 27 Armour
 O Level 27 Dodging
 O Level 27 Shields
 O Level 27 Spellcasting
 + Level 22.3 Earth Magic
 O Level 27 Invocations
 O Level 27 Evocations


You had 71 spell levels left.
You knew the following spells:

 Your Spells              Type           Power      Damage    Failure   Level
a - Lee's Rapid Deconstr  Erth           14%        3d9*      1%          5

Your spell library contained the following spells:

 Spells                   Type           Power      Damage    Failure   Level
 Animate Armour           Summ/Erth      34%        N/A       1%          4
 Foxfire                  Conj/Fire      24%        2x1d5     9%          1
 Summon Lightning Spire   Summ/Air       6%         N/A       65%         4
 Metabolic Englaciation   Hex/Ice        3%         N/A       94%         5


Dungeon Overview and Level Annotations

Branches:
Dungeon (1/1)

Altars:
Cheibriados
Dithmenos
Elyvilon
Fedhas
Gozag
Hepliaklqana
Kikubaaqudgha
Makhleb
Nemelex Xobeh
Okawaru
Qazlal
Ru
Sif Muna
Trog
Uskayaw
Vehumet
Wu Jian
Xom
Yredelemnul
Zin
The Shining One
Jiyva
Lugonu

Shops:
D :[*=


Innate Abilities, Weirdness & Mutations

You have a pair of horns on your head.
You reflexively headbutt those who attack you in melee.
Armour fits poorly on your strangely shaped body.


Message History

There is a radiant altar of Vehumet, spattered with blood here.
There is a hide-covered altar of Uskayaw, spattered with blood here.
Things that are here:
a +1 demon trident of electrocution; a +6 chain mail of ponderousness; a +0 kite shield of protection
There is a bloodstained altar of Trog, spattered with blood here.
Things that are here:
a +1 demon blade of venom; a +0 ring mail
There is a shimmering blue altar of Sif Muna here.
There is a sacrificial altar of Ru here.
There is a stormy altar of Qazlal here.
There is an iron altar of Okawaru here.
There is a sparkling altar of Nemelex Xobeh here.
There is a burning altar of Makhleb here.
There is a corrupted altar of Lugonu here.
There is an ancient bone altar of Kikubaaqudgha, spattered with blood here.
Things that are here:
a +3 long sword of holy wrath; a +0 tower shield
There is a hazy altar of Hepliaklqana here.
There is an opulent altar of Gozag here.
There is a blossoming altar of Fedhas here.
Things that are here:
a +2 scimitar of flaming; a +0 shortbow; a +0 robe
There is a white marble altar of Elyvilon here.
There is a shadowy altar of Dithmenos here.
There is a snail-covered altar of Cheibriados here.
There is a roughly hewn altar of Beogh here.
There is an open door to the Temple here.
There is an open door here.
There is an open door to the Dungeon, spattered with blood here.
Things that are here:
a +0 flail; a +0 dagger
There is a staircase leading out of the dungeon here.
Okay, then.
As you read the scroll of identify, it crumbles to dust.
m - 2 potions of degeneration
Okay, then.
As you read the scroll of identify, it crumbles to dust.
M - a potion of cancellation Unknown command.
You have escaped!

▓.▓.▓.▓.▓.▓.▓.▓.▓.
▓.▓.▓'▓.▓.▓.▓.▓.▓.
▓.▓)▓.▓.▓)▓.▓.▓.▓.
▓.▓.▓.▓.▓.▓.▓.▓.▓.
▓)▓.▓.▓.▓.▓.▓.▓.▓.
▓.▓)▓.▓.▓.▓.▓.▓.▓.
▓.▓.▓.▓.▓.▓.▓.▓.▓.
▓.▓.▓.▓÷▓.▓.▓.▓.▓.
▓@▓...▓.).▓...▓...
▓▓▓▓▓▓▓▓▓▓▓▓▓▓▓▓▓▓


There were no monsters in sight!

Vanquished Creatures
  the Royal Jelly (D)
  2 seraphim (D)
  Frederick (D)
  13 pandemonium lords (D)
  2 orbs of fire (D)
  7 ancient liches (D)
  9 royal mummies (D)
  Sojobo (D)
  Xtahua (D)
  Margery (D)
  2 curse toes (D)
  Geryon (D)
  2 golden dragons (D)
  2 profane servitors (D)
  7 Brimstone Fiends (D)
  2 electric golems (D)
  3 Tzitzimimeh (D)
  2 tentacled monstrosities (D)
  7 Ice Fiends (D)
  5 Hell Sentinels (D)
  57 Orb Guardians (D)
  6 quicksilver dragons (D)
  A titan (D)
  8 liches (D)
  A searing wretch (D)
  7 acid blobs (D)
  2 deep elf blademasters (D)
  A deep elf master archer (D)
  14 sphinxes (D)
  A tentacled starspawn (D)
  Gastronok (D)
  4 Executioners (D)
  Frances (D)
  3 death cobs (D)
  7 shadow dragons (D)
  Ilsuiw (D)
  2 tengu reavers (D)
  2 storm dragons (D)
  3 daevas (D)
  5 rockslimes (D)
  4 draconian monks (D)
  6 nagarajas (D)
  6 demonspawn warmongers (D)
  5 frost giants (D)
  3 deep elf sorcerers (D)
  A fire giant (D)
  6 azure jellies (D)
  2 draconian shifters (D)
  3 draconian knights (D)
  10 balrugs (D)
  An emperor scorpion (D)
  2 ghost moths (D)
  2 vault wardens (D)
  A draconian scorcher (D)
  4 ironbound preservers (D)
  6 reapers (D)
  An angel (D)
  A draconian annihilator (D)
  5 cacodemons (D)
  A formless jellyfish (D)
  4 stone giants (D)
  4 demonspawn corrupters (D)
  4 very ugly things (D)
  2 demonspawn blood saints (D)
  5 quicksilver oozes (D)
  5 demonspawn black suns (D)
  8 vampire knights (D)
  An ophan (D)
  2 ironbound thunderhulks (D)
  An eleionoma (D)
  A deep elf death mage (D)
  3 deep elf demonologists (D)
  2 green draconians (D)
  4 black draconians (D)
  2 purple draconians (D)
  5 lorocyprocas (D)
  2 red draconians (D)
  Snorg (D)
  4 deep elf annihilators (D)
  A dire elephant (D)
  2 yellow draconians (D)
  3 white draconians (D)
  3 merfolk impalers (D)
  6 blizzard demons (D)
  2 green deaths (D)
  3 mummy priests (D)
  An entropy weaver (D)
  5 ettins (D)
  5 merfolk javelineers (D)
  7 fire dragons (D)
  2 deep elf high priests (D)
  A yaktaur captain (D)
  A peacekeeper (D)
  5 rakshasas (D)
  25 vault guards (D)
  4 great orbs of eyes (D)
  Erolcha (D)
  7 hydras (D)
  5 ice dragons (D)
  3 centaur warriors (D)
  5 hell beasts (D)
  A merfolk avatar (D)
  A radroach (D)
  A catoblepas (D)
  A dancing weapon (D)
  A boulder beetle (D)
  A deep troll earth mage (D)
  4 merfolk aquamancers (D)
  8 demonic crawlers (D)
  4 naga warriors (D)
  3 tengu warriors (D)
  3 deep troll shamans (D)
  11 hell hogs (D)
  A naga sharpshooter (D)
  A shock serpent (D)
  Nergalle (D)
  2 occultists (D)
  12 spriggans (D)
  27 sun demons (D)
  Urug (D)
  A spriggan berserker (D)
  6 soul eaters (D)
  4 hell knights (D)
  8 sixfirhies (D)
  2 skysharks (D)
  5 cherubim (D)
  A wretched star (D)
  2 goliath frogs (D)
  2 sea snakes (D)
  A spriggan druid (D)
  7 shadow demons (D)
  3 arcanists (D)
  A mana viper (D)
  5 swamp dragons (D)
  A flayed ghost (D)
  2 bog bodies (D)
  3 ironbound convokers (D)
  A naga ritualist (D)
  9 orc knights (D)
  A necromancer (D)
  2 phantasmal warriors (D)
  An orb spider (D)
  2 glowing orange brains (D)
  2 deep elf pyromancers (D)
  2 steelbarb worms (D)
  A manticore (D)
  2 ugly things (D)
  An orc sorcerer (D)
  5 wolf spiders (D)
  A cyclops (D)
  4 black mambas (D)
  6 large abominations (D)
  9 moths of wrath (D)
  2 toenail golems (D)
  A merfolk siren (D)
  2 guardian serpents (D)
  4 rust devils (D)
  10 smoke demons (D)
  3 vault sentinels (D)
  Joseph (D)
  A naga mage (D)
  5 cane toads (D)
  An unseen horror (D)
  5 orange demons (D)
  5 hellions (D)
  A kobold demonologist (D)
  An efreet (D)
  8 tormentors (D)
  A freezing wraith (D)
  16 guardian mummies (D)
  A wandering mushroom (D)
  4 ice devils (D)
  A yaktaur (D)
  A troll (D)
  4 red devils (D)
  9 hellwings (D)
  A hornet (D)
  A tyrant leech (D)
  3 blink frogs (D)
  A raiju (D)
  3 glass eyes (D)
  A wraith (D)
  A water elemental (D)
  6 ynoxinuls (D)
  2 culicivoras (D)
  3 basilisks (D)
  A hog (shapeshifter) (D)
  4 neqoxecs (D)
  5 golden eyes (D)
  A redback (D)
  3 vampire mosquitoes (D)
  2 chaos spawn (D)
  A small abomination (D)
  2 nagas (D)
  An acid dragon (D)
  3 water moccasins (D)
  13 hell hounds (D)
  A swamp drake (shapeshifter) (D)
  2 swamp drakes (D)
  A black bear (shapeshifter) (D)
  16 orc warriors (D)
  A laughing skull (D)
  2 wolves (D)
  A black bear (D)
  A phantom (D)
  A brain worm (D)
  A scorpion (D)
  3 bullfrogs (D)
  A wight (D)
  A hound (D)
  5 orc priests (D)
  A jelly (D)
  A gnoll bouda (D)
  3 orc wizards (D)
  A white imp (D)
  5 orcs (D)
  A quokka (D)
  2 ball pythons (D)
  2 kobolds (D)
  A fire vortex (D)
  A lurking horror (D)
812 creatures vanquished.

Vanquished Creatures (others)
  2 pandemonium lords (D)
  A lich (D)
  A hell beast (D)
  A merfolk aquamancer (D)
  A sixfirhy (D)
  7 ball lightnings (D)
13 creatures vanquished.

Grand Total: 825 creatures vanquished

Notes
Turn   | Place    | Note
-------+----------+-------------------------------------------
     0 | D        | Groucho the Minotaur Fighter began the quest for the Orb.
     0 | D        | Reached XP level 1. HP: 19/19 MP: 0/0
    14 | D        | Reached skill level 1 in Invocations
    24 | D        | Noticed a jelly
    24 | D        | Noticed a scorpion
    24 | D        | Noticed a hound
    24 | D        | Noticed a phantom
    24 | D        | Noticed a water moccasin
    36 | D        | Killed a water moccasin
    37 | D        | Reached skill level 5 in Maces & Flails
    37 | D        | Reached XP level 2. HP: 7/30 MP: 0/3
    37 | D        | Reached XP level 3. HP: 9/37 MP: 0/4
    37 | D        | Reached XP level 4. HP: 11/44 MP: 0/5
    38 | D        | Killed a phantom
    39 | D        | Reached XP level 5. HP: 10/51 MP: 0/7
   310 | D        | Reached skill level 5 in Invocations
   314 | D        | Reached XP level 6. HP: 59/60 MP: 7/9
   323 | D        | Found a snail-covered altar of Cheibriados.
   323 | D        | Found a shadowy altar of Dithmenos.
   323 | D        | Found a white marble altar of Elyvilon.
   323 | D        | Found a blossoming altar of Fedhas.
   323 | D        | Found an opulent altar of Gozag.
   324 | D        | Found a hazy altar of Hepliaklqana.
   325 | D        | Found a viscous altar of Jiyva.
   326 | D        | Found an ancient bone altar of Kikubaaqudgha.
   327 | D        | Found a corrupted altar of Lugonu.
   328 | D        | Found a burning altar of Makhleb.
   329 | D        | Found a sparkling altar of Nemelex Xobeh.
   330 | D        | Found an iron altar of Okawaru.
   331 | D        | Found a stormy altar of Qazlal.
   332 | D        | Found a sacrificial altar of Ru.
   333 | D        | Found a shimmering blue altar of Sif Muna.
   334 | D        | Found a bloodstained altar of Trog.
   335 | D        | Found a hide-covered altar of Uskayaw.
   336 | D        | Found a radiant altar of Vehumet.
   337 | D        | Found an ornate altar of the Wu Jian Council.
   338 | D        | Found a shimmering altar of Xom.
   339 | D        | Became a worshipper of Qazlal Stormbringer
   340 | D        | Found a basalt altar of Yredelemnul.
   341 | D        | Found a glowing silver altar of Zin.
   342 | D        | Found a glowing golden altar of the Shining One.
   393 | D        | Noticed a wraith
   393 | D        | Noticed an acid dragon
   397 | D        | Killed an acid dragon
   419 | D        | Killed a wraith
   420 | D        | Reached XP level 7. HP: 46/70 MP: 9/11
   434 | D        | Reached * piety under Qazlal
   811 | D        | Noticed a deep elf pyromancer
   811 | D        | Noticed a centaur warrior
   811 | D        | Noticed a troll
   811 | D        | Noticed a red ugly thing
   811 | D        | Noticed a centaur warrior
   811 | D        | Noticed a centaur warrior
   815 | D        | Killed a centaur warrior
   815 | D        | Reached ** piety under Qazlal
   816 | D        | Reached skill level 10 in Fighting
   816 | D        | Reached skill level 10 in Maces & Flails
   816 | D        | Reached skill level 10 in Armour
   816 | D        | Reached skill level 10 in Shields
   816 | D        | Reached XP level 8. HP: 76/80 MP: 11/13
   822 | D        | Killed a centaur warrior
   825 | D        | Killed a deep elf pyromancer
   826 | D        | Reached XP level 9. HP: 84/90 MP: 3/15
   828 | D        | Killed a red ugly thing
   830 | D        | Killed a troll
   831 | D        | Reached skill level 10 in Invocations
   836 | D        | Killed a centaur warrior
   836 | D        | Reached *** piety under Qazlal
  1283 | D        | Noticed a cane toad
  1287 | D        | Noticed a cane toad
  1287 | D        | Noticed a black mamba
  1297 | D        | Noticed a cane toad
  1300 | D        | Reached **** piety under Qazlal
  1306 | D        | Killed a cane toad
  1307 | D        | Reached XP level 10. HP: 87/101 MP: 15/17
  1316 | D        | Killed a black mamba
  1318 | D        | Killed a cane toad
  1319 | D        | Killed a cane toad
  1319 | D        | Reached ***** piety under Qazlal
  1511 | D        | Noticed a cane toad
  1511 | D        | Noticed a skyshark
  1511 | D        | Noticed a skyshark
  1525 | D        | Killed a skyshark
  1527 | D        | Killed a cane toad
  1528 | D        | Noticed a catoblepas
  1530 | D        | Killed a skyshark
  1881 | D        | Killed a catoblepas
  2186 | D        | Noticed a cane toad
  2188 | D        | Reached XP level 11. HP: 103/111 MP: 15/19
  2191 | D        | Reached skill level 1 in Dodging
  2194 | D        | Reached skill level 15 in Fighting
  2194 | D        | Reached skill level 15 in Armour
  2194 | D        | Reached skill level 15 in Shields
  2196 | D        | Reached ****** piety under Qazlal
  2626 | D        | Noticed Erolcha
  2653 | D        | Killed Erolcha
  2654 | D        | Reached skill level 15 in Maces & Flails
  2848 | D        | Noticed an orc sorcerer
  2849 | D        | Killed an orc sorcerer
  2920 | D        | Noticed an orc knight
  2930 | D        | Noticed an orc knight
  2937 | D        | Killed an orc knight
  2957 | D        | Reached skill level 5 in Dodging
  2984 | D        | Killed an orc knight
  3364 | D        | Found Noniyf's Jewellery Boutique.
  3364 | D        | Noticed an orc knight
  3364 | D        | Noticed an orc knight
  3364 | D        | Noticed an orc knight
  3377 | D        | Killed an orc knight
  3377 | D        | Killed an orc knight
  3378 | D        | Killed an orc knight
  3380 | D        | Noticed an orc knight
  3387 | D        | Found Hiushuk's Assorted Antiques.
  3392 | D        | Killed an orc knight
  3794 | D        | Found Pimuacri's Antique Armour Boutique.
  3798 | D        | Found Cogriu Vean's Book Shop.
  3805 | D        | Noticed an orc knight
  3810 | D        | Noticed an orc knight
  3821 | D        | Noticed an orc knight
  3826 | D        | Killed an orc knight
  3833 | D        | Killed an orc knight
  3847 | D        | Killed an orc knight
  3848 | D        | Reached XP level 12. HP: 67/124 MP: 15/21
  3900 | D        | Bought a runed tower shield for 135 gold pieces
  3904 | D        | Bought a ring of see invisible for 210 gold pieces
  3904 | D        | Bought an amulet of reflection for 420 gold pieces
  4064 | D        | Noticed Joseph
  4068 | D        | Killed Joseph
  4090 | D        | Noticed Gastronok
  4105 | D        | Killed Gastronok
  4265 | D        | Got the -1 pair of gloves "Xanief" {Slay+3}
  4311 | D        | Noticed an entropy weaver
  4315 | D        | Noticed a boulder beetle
  4326 | D        | Noticed an ice dragon
  4333 | D        | an entropy weaver changed into a swamp drake
  4336 | D        | Noticed an ettin
  4341 | D        | Noticed a deep troll shaman
  4341 | D        | Noticed a fire dragon
  4347 | D        | Noticed a deep troll shaman
  4353 | D        | Killed an ice dragon
  4356 | D        | Killed a deep troll shaman
  4356 | D        | Killed a deep troll shaman
  4358 | D        | Killed an ettin
  4358 | D        | Noticed a fire dragon
  4367 | D        | Killed a fire dragon
  4379 | D        | Killed a fire dragon
  4380 | D        | Reached skill level 10 in Dodging
  4685 | D        | Killed a boulder beetle
  4686 | D        | Reached skill level 15 in Invocations
  4763 | D        | Noticed Urug
  4772 | D        | Killed Urug
  4801 | D        | Noticed a naga warrior
  4811 | D        | Killed a naga warrior
  4812 | D        | Reached XP level 13. HP: 122/136 MP: 14/23
  4907 | D        | Reached skill level 5 in Throwing
  5068 | D        | Noticed a merfolk impaler
  5075 | D        | Noticed a formless jellyfish
  5076 | D        | Killed a merfolk impaler
  5077 | D        | Noticed a merfolk impaler
  5082 | D        | Killed a formless jellyfish
  5090 | D        | Killed a merfolk impaler
  5344 | D        | Noticed an eleionoma
  5373 | D        | Killed an eleionoma
  5743 | D        | Noticed Snorg
  5759 | D        | Killed Snorg
  5831 | D        | Noticed a frost giant
  5831 | D        | Noticed an ettin
  5831 | D        | Noticed a stone giant
  5832 | D        | Killed an ettin
  5833 | D        | Killed a stone giant
  5833 | D        | Noticed a sphinx
  5833 | D        | Killed a frost giant
  5834 | D        | Reached XP level 14. HP: 149/149 MP: 13/25
  5840 | D        | Noticed a brown very ugly thing
  5843 | D        | Killed a sphinx
  5852 | D        | Killed a brown very ugly thing
  5886 | D        | Noticed a frost giant
  5887 | D        | Noticed a fire giant
  5888 | D        | Noticed a stone giant
  5889 | D        | Noticed a frost giant
  5891 | D        | Killed a stone giant
  5891 | D        | Killed a frost giant
  5907 | D        | Killed a frost giant
  5908 | D        | Reached skill level 10 in Throwing
  5909 | D        | Killed a fire giant
  5938 | D        | Reached skill level 15 in Dodging
  6244 | D        | Noticed a vault warden
  6244 | D        | Noticed an ironbound preserver
  6253 | D        | Killed an ironbound preserver
  6256 | D        | Noticed an ironbound thunderhulk
  6266 | D        | Noticed an ironbound preserver
  6269 | D        | Killed an ironbound thunderhulk
  6274 | D        | Noticed an ironbound preserver
  6277 | D        | Killed a vault warden
  6281 | D        | Killed an ironbound preserver
  6293 | D        | Killed an ironbound preserver
  6383 | D        | Noticed an ironbound thunderhulk
  6384 | D        | Noticed a sphinx
  6386 | D        | Killed a sphinx
  6390 | D        | Noticed an ironbound preserver
  6391 | D        | Killed an ironbound thunderhulk
  6408 | D        | Killed an ironbound preserver
  6663 | D        | Noticed Nergalle
  6666 | D        | Noticed a tengu reaver
  6671 | D        | Killed Nergalle
  6683 | D        | Killed a tengu reaver
  6686 | D        | Noticed Sojobo
  6687 | D        | Noticed a tengu reaver
  6702 | D        | Killed Sojobo
  6704 | D        | Killed a tengu reaver
  6705 | D        | Reached XP level 15. HP: 129/162 MP: 6/27
  6974 | D        | Identified the orb of Hedge Wizardry {light, rCorr Dex-3
                  | Slay+2 Hexes}
  6974 | D        | Noticed Frederick
  6981 | D        | Killed Frederick
  7295 | D        | Found the +6 arbalest "Damnation" {damnation}
  7470 | D        | Reached skill level 1 in Polearms
  7538 | D        | Got a decaying rune of Zot
  7561 | D        | Reached skill level 5 in Polearms
  7566 | D        | Noticed an emperor scorpion
  7600 | D        | Killed an emperor scorpion
  7641 | D        | Got a gossamer rune of Zot
  7771 | D        | Noticed a nagaraja
  7771 | D        | Noticed a nagaraja
  7771 | D        | Noticed a nagaraja
  7771 | D        | Noticed a nagaraja
  7771 | D        | Noticed a nagaraja
  7772 | D        | Killed a nagaraja
  7772 | D        | Killed a nagaraja
  7772 | D        | Killed a nagaraja
  7773 | D        | Noticed a nagaraja
  7773 | D        | Killed a nagaraja
  7779 | D        | Killed a nagaraja
  7781 | D        | Killed a nagaraja
  7808 | D        | Got a serpentine rune of Zot
  7837 | D        | Noticed Ilsuiw
  7843 | D        | Killed Ilsuiw
  7846 | D        | Reached skill level 15 in Throwing
  7864 | D        | Reached skill level 10 in Polearms
  7884 | D        | Got a barnacled rune of Zot
  8178 | D        | Noticed Margery
  8182 | D        | Noticed a searing wretch
  8186 | D        | Killed Margery
  8194 | D        | Reached XP level 16. HP: 152/177 MP: 6/29
  8489 | D        | Killed a searing wretch
  8884 | D        | Noticed an ancient lich
  8891 | D        | Noticed a lich
  8912 | D        | Killed an ancient lich
  8913 | D        | Noticed a shadow dragon
  8920 | D        | Noticed a shadow dragon
  8929 | D        | Killed a lich
  8951 | D        | Killed a shadow dragon
  8968 | D        | Killed a shadow dragon
  8980 | D        | Identified the +2 mace of Gozag, Transmuting {protect, rF+
                  | Str+3 Int-2}
  9068 | D        | Noticed a shadow dragon
  9068 | D        | Noticed a quicksilver dragon
  9068 | D        | Noticed a quicksilver dragon
  9068 | D        | Noticed a shadow dragon
  9069 | D        | Noticed a quicksilver dragon
  9078 | D        | Noticed a shadow dragon
  9079 | D        | Killed a shadow dragon
  9093 | D        | Killed a shadow dragon
  9094 | D        | Killed a quicksilver dragon
  9095 | D        | Noticed a titan
  9105 | D        | Killed a shadow dragon
  9112 | D        | Killed a quicksilver dragon
  9117 | D        | Killed a quicksilver dragon
  9133 | D        | Killed a titan
  9134 | D        | Identified the +0 ring mail "Isaynoop" {Harm rN+ Dex-3}
  9136 | D        | Got a silver rune of Zot
  9140 | D        | Identified the staff "Qetoustejo" {rF+ rC+ Fire}
  9203 | D        | Got the Commentary on Prime Frostbite
  9216 | D        | Noticed Frances
  9219 | D        | Killed Frances
  9306 | D        | Noticed Xtahua
  9326 | D        | Killed Xtahua
  9327 | D        | Reached skill level 27 in Fighting
  9327 | D        | Reached XP level 17. HP: 54/191 MP: 32/32
  9621 | D        | Got the ring "Eloiwkevo" {rC+ rCorr Int+3}
  9623 | D        | Got the ring of Tizic {rElec rC+ Slay+3}
  9627 | D        | Got the ring of Usijoh {rN+ Str+3 SInv}
  9629 | D        | Got the ring "Uneofiru" {rC+ Slay+3 Stlth+}
  9631 | D        | Got the ring of Ferypaeck {rPois rF+ Str-5 Int+3 Slay+3}
  9887 | D        | Reached skill level 27 in Armour
  9887 | D        | Reached skill level 27 in Shields
 10317 | D        | Noticed a quicksilver dragon
 10317 | D        | Noticed a quicksilver dragon
 10318 | D        | Killed a quicksilver dragon
 10319 | D        | Reached skill level 27 in Invocations
 10325 | D        | Killed a quicksilver dragon
 10487 | D        | Noticed a quicksilver dragon
 10488 | D        | Noticed a tentacled monstrosity
 10513 | D        | Killed a tentacled monstrosity
 10531 | D        | Killed a quicksilver dragon
 10544 | D        | Reached skill level 27 in Dodging
 11024 | D        | Noticed a golden dragon
 11030 | D        | Reached skill level 5 in Evocations
 11030 | D        | Killed a golden dragon
 11056 | D        | Reached skill level 10 in Evocations
 11132 | D        | Noticed a curse toe
 11137 | D        | Killed a curse toe
 11725 | D        | Noticed an Orb Guardian
 11725 | D        | Noticed an Orb Guardian
 11725 | D        | Noticed an Orb Guardian
 11725 | D        | Noticed an Orb Guardian
 11725 | D        | Noticed an Orb Guardian
 11725 | D        | Noticed an Orb Guardian
 11730 | D        | Noticed an Orb Guardian
 11732 | D        | Killed an Orb Guardian
 11733 | D        | Reached skill level 15 in Evocations
 11740 | D        | Noticed an Orb Guardian
 11743 | D        | Killed an Orb Guardian
 11750 | D        | Killed an Orb Guardian
 11751 | D        | Noticed an Orb Guardian
 11754 | D        | Killed an Orb Guardian
 11755 | D        | Reached skill level 10 in Axes
 11763 | D        | Killed an Orb Guardian
 11769 | D        | Killed an Orb Guardian
 11775 | D        | Killed an Orb Guardian
 11776 | D        | Reached skill level 5 in Long Blades
 11777 | D        | Noticed an Orb Guardian
 11780 | D        | Killed an Orb Guardian
 11781 | D        | Reached XP level 18. HP: 193/200 MP: 34/34
 11783 | D        | Killed an Orb Guardian
 11793 | D        | Killed an Orb Guardian
 11802 | D        | Noticed a tentacled monstrosity
 11802 | D        | Noticed an Orb Guardian
 11802 | D        | Noticed an Orb Guardian
 11811 | D        | Killed an Orb Guardian
 11814 | D        | Noticed an Orb Guardian
 11818 | D        | Noticed an Orb Guardian
 11825 | D        | Killed a tentacled monstrosity
 11826 | D        | Killed an Orb Guardian
 11839 | D        | Killed an Orb Guardian
 11847 | D        | Killed an Orb Guardian
 11858 | D        | Noticed an ancient lich
 11869 | D        | Killed an ancient lich
 12022 | D        | Noticed an orb of fire
 12033 | D        | Killed an orb of fire
 12269 | D        | Noticed an electric golem
 12281 | D        | Killed an electric golem
 12283 | D        | Noticed an Orb Guardian
 12283 | D        | Noticed an electric golem
 12283 | D        | Noticed an ancient lich
 12283 | D        | Noticed a curse toe
 12284 | D        | Killed an Orb Guardian
 12284 | D        | Killed a curse toe
 12284 | D        | Noticed an orb of fire
 12285 | D        | Killed an electric golem
 12290 | D        | Noticed an Orb Guardian
 12292 | D        | Noticed an ancient lich
 12295 | D        | Killed an ancient lich
 12300 | D        | Gained mutation: Armour fits poorly on your strangely
                  | shaped body. [an orb of fire]
 12304 | D        | Killed an orb of fire
 12305 | D        | Killed an Orb Guardian
 12305 | D        | Killed an ancient lich
 12308 | D        | Noticed an ancient lich
 12311 | D        | Noticed an Orb Guardian
 12319 | D        | Noticed a golden dragon
 12324 | D        | Killed an ancient lich
 12327 | D        | Killed an Orb Guardian
 12328 | D        | Killed a golden dragon
 12756 | D        | Noticed an Orb Guardian
 12756 | D        | Noticed an Orb Guardian
 12756 | D        | Noticed an Orb Guardian
 12756 | D        | Noticed an Orb Guardian
 12756 | D        | Noticed an Orb Guardian
 12756 | D        | Noticed an Orb Guardian
 12764 | D        | Killed an Orb Guardian
 12767 | D        | Noticed an Orb Guardian
 12767 | D        | Killed an Orb Guardian
 12769 | D        | Noticed an Orb Guardian
 12776 | D        | Killed an Orb Guardian
 12785 | D        | Killed an Orb Guardian
 12795 | D        | Killed an Orb Guardian
 12802 | D        | Killed an Orb Guardian
 12809 | D        | Killed an Orb Guardian
 12818 | D        | Killed an Orb Guardian
 13201 | D        | Noticed an Orb Guardian
 13202 | D        | Noticed an Orb Guardian
 13203 | D        | Noticed an Orb Guardian
 13206 | D        | Killed an Orb Guardian
 13211 | D        | Killed an Orb Guardian
 13212 | D        | Noticed an Orb Guardian
 13220 | D        | Killed an Orb Guardian
 13230 | D        | Killed an Orb Guardian
 13348 | D        | Noticed a lich
 13348 | D        | Noticed a lich
 13350 | D        | Noticed an ancient lich
 13355 | D        | Killed a lich
 13360 | D        | Killed a lich
 13361 | D        | Reached XP level 19. HP: 207/207 MP: 35/35
 13373 | D        | Killed an ancient lich
 14157 | D        | Reached skill level 27 in Maces & Flails
 14196 | D        | Got an elven rune of Zot
 14293 | D        | Noticed the Royal Jelly
 14298 | D        | Killed the Royal Jelly
 14353 | D        | Reached skill level 27 in Throwing
 14367 | D        | Got a slimy rune of Zot
 15011 | D        | Reached skill level 27 in Evocations
 15016 | D        | Reached skill level 15 in Long Blades
 15976 | D        | Noticed a royal mummy
 15983 | D        | Killed a royal mummy
 16002 | D        | Noticed a royal mummy
 16009 | D        | Killed a royal mummy
 16010 | D        | Reached skill level 15 in Polearms
 16542 | D        | Noticed a royal mummy
 16542 | D        | Noticed a royal mummy
 16542 | D        | Noticed a royal mummy
 16542 | D        | Noticed a royal mummy
 16542 | D        | Noticed a royal mummy
 16542 | D        | Noticed a royal mummy
 16543 | D        | Killed a royal mummy
 16544 | D        | Killed a royal mummy
 16544 | D        | Killed a royal mummy
 16544 | D        | Killed a royal mummy
 16544 | D        | Killed a royal mummy
 16545 | D        | Reached XP level 20. HP: 41/216 MP: 19/36
 16546 | D        | Noticed a royal mummy
 16557 | D        | Killed a royal mummy
 16558 | D        | Killed a royal mummy
 17167 | D        | Got a golden rune of Zot
 17189 | D        | Reached skill level 10 in Spellcasting
 17459 | D        | Got an abyssal rune of Zot
 17583 | D        | Noticed Geryon
 17603 | D        | Killed Geryon
 18025 | D        | Got the Orb of Zot
 18145 | D        | Noticed a profane servitor
 18156 | D        | Killed a profane servitor
 18980 | D        | Noticed Arhuekig the pandemonium lord
 18993 | D        | Killed Arhuekig the pandemonium lord
 19745 | D        | Reached skill level 15 in Spellcasting
 19748 | D        | Reached skill level 27 in Polearms
 20984 | D        | Noticed Kuimoul the pandemonium lord
 21003 | D        | Killed Kuimoul the pandemonium lord
 21004 | D        | Reached XP level 21. HP: 206/224 MP: 42/45
 21030 | D        | Noticed Usuh the pandemonium lord
 21030 | D        | Noticed an ancient lich
 21032 | D        | Killed an ancient lich
 21048 | D        | Killed Usuh the pandemonium lord
 21578 | D        | Noticed Unyj Bov the pandemonium lord
 21599 | D        | Killed Unyj Bov the pandemonium lord
 21807 | D        | Noticed Xoawikh the pandemonium lord
 21829 | D        | Killed Xoawikh the pandemonium lord
 21980 | D        | Noticed Porr the pandemonium lord
 21992 | D        | Killed Porr the pandemonium lord
 21999 | D        | Reached skill level 27 in Spellcasting
 21999 | D        | Reached skill level 1 in Ranged Weapons
 22121 | D        | Reached skill level 5 in Ranged Weapons
 22254 | D        | Noticed a profane servitor
 22255 | D        | Noticed Cocsuh the pandemonium lord
 22274 | D        | Killed a profane servitor
 22277 | D        | Killed Cocsuh the pandemonium lord
 22278 | D        | Reached skill level 15 in Axes
 22477 | D        | Noticed Huewapri the pandemonium lord
 22483 | D        | Killed Huewapri the pandemonium lord
 22499 | D        | Noticed Pynnyf the pandemonium lord
 22515 | D        | Killed Pynnyf the pandemonium lord
 22713 | D        | Noticed a seraph
 22723 | D        | Killed a seraph
 22724 | D        | Reached skill level 15 in Ranged Weapons
 22895 | D        | Noticed Dixt the pandemonium lord
 22942 | D        | Killed Dixt the pandemonium lord
 23063 | D        | Reached XP level 22. HP: 75/233 MP: 43/52
 23315 | D        | Noticed Turghut the pandemonium lord
 23327 | D        | Killed Turghut the pandemonium lord
 23578 | D        | Reached skill level 27 in Axes
 23601 | D        | Noticed Junurghe the pandemonium lord
 23616 | D        | Killed Junurghe the pandemonium lord
 23860 | D        | Reached skill level 27 in Ranged Weapons
 25191 | D        | Reached skill level 27 in Long Blades
 25442 | D        | Reached skill level 5 in Staves
 25509 | D        | Reached skill level 10 in Staves
 25578 | D        | Noticed Gazugis the pandemonium lord
 25607 | D        | Killed Gazugis the pandemonium lord
 25634 | D        | Noticed Uprybb the pandemonium lord
 25655 | D        | Killed Uprybb the pandemonium lord
 25828 | D        | Learned a level 5 spell: Lee's Rapid Deconstruction
 25852 | D        | Reached skill level 10 in Earth Magic
 26061 | D        | Noticed a seraph
 26072 | D        | Killed a seraph
 26219 | D        | Reached skill level 15 in Earth Magic
 26379 | D        | Noticed Boclivog the pandemonium lord
 26384 | D        | Killed Boclivog the pandemonium lord
 26989 | D        | Reached XP level 23. HP: 240/240 MP: 53/53
 27390 | D        | Escaped with the Orb!

Illustrated notes

Levels and vault maps discovered:
D:        linesprint [early_d, line_temple, items_1, d_10, items_2, lair_1,
          lair_end, items_3, orc_1, orc_end, items_4, d_15, swamp_1, shoals_1,
          snake_1, spider_1, d_20, vaults_1, items_5, swamp_end, shoals_end,
          snake_end, spider_end, vaults_end, d_27, items_6, zot_1, zot_end,
          crypt_end, forest_end, elf_end, slime_end, tomb_end, abyss_end,
          pan_hell_end]

Skill      XL: |  1  2  3  4  5  6  7  8  9 10 11 12 13 14 15 16 17 18 19 20 21 22 23 |
---------------+----------------------------------------------------------------------+-----
Fighting       | 6 7 9 10 11 13 14 16 18 20 22 24 27 | 27.0
Maces & Flails | 5 6 7 8 10 11 12 14 16 24 27 | 27.0
Armour         | 6 7 9 10 11 13 14 16 18 20 22 24 26 27 | 27.0
Shields        | 6 7 9 10 11 13 14 16 18 20 22 24 26 27 | 27.0
Invocations    | 3 4 5 6 8 9 10 12 13 15 17 18 20 24 27 | 27.0
Dodging        | 7 11 14 16 19 21 27 | 27.0
Throwing       | 3 8 12 15 16 22 27 | 27.0
Polearms       | 10 14 19 27 | 27.0
Evocations     | 15 21 27 | 27.0
Axes           | 13 24 27 | 27.0
Long Blades    | 7 14 22 27 | 27.0
Spellcasting   | 8 21 27 | 27.0
Ranged Weapons | 19 27 | 27.0
Staves         | 16 | 16.4
Earth Magic    | 21 22 | 22.3

Action                     |  1- 3 |  4- 6 |  7- 9 | 10-12 | 13-15 | 16-18 | 19-21 | 22-24 || total
---------------------------+-------+-------+-------+-------+-------+-------+-------+-------++-------
  Melee: Flail             |    11 |       |       |       |       |       |       |       ||    11
         Whip              |    10 |    36 |    85 |   228 |   254 |       |       |       ||   613
         Headbutt          |     3 |    12 |    13 |    68 |   138 |   251 |   275 |   145 ||   905
         Demon whip        |       |       |       |       |   192 |   781 |   886 |   509 ||  2368
  Throw: Javelin           |       |       |       |       |    30 |       |    58 |    13 ||   101
 Invoke: Upheaval          |       |       |     3 |    41 |    46 |    19 |    47 |    49 ||   205
         Disaster Area     |       |       |       |     4 |    11 |     9 |    18 |     4 ||    46
  Evoke: Wand              |       |       |       |       |       |       |       |     1 ||     1
    Use: Potion            |     2 |     3 |     5 |     1 |       |     1 |     7 |       ||    19
         Scroll            |       |       |     1 |       |       |     4 |     1 |     2 ||     8
   Stab: Paralysed         |       |       |       |       |       |       |       |     1 ||     1
 Armour: Scale mail        |    13 |    17 |    98 |    48 |       |       |       |       ||   176
         Shadow dragon sca |       |       |       |    19 |    37 |       |       |       ||    56
         Plate armour      |       |       |       |       |    49 |    39 |   106 |    56 ||   250
         Storm dragon scal |       |       |       |       |       |    68 |     7 |       ||    75
  Dodge: Dodged            |     8 |    14 |    15 |    18 |    56 |    64 |    71 |    29 ||   275
         Repelled          |       |       |       |     1 |     7 |     5 |     7 |     3 ||    23
  Block: Buckler           |     1 |     4 |    23 |    45 |       |       |       |       ||    73
         Tower shield      |       |       |       |    64 |   496 |   469 |   673 |   376 ||  2078
         Reflection        |       |       |       |     2 |    14 |     9 |     8 |    10 ||    43
